 Dungeon Crawl Stone Soup version 0.30.0-15-g856e2d3f33 (webtiles) character file.

Game seed: 7420374059914746784

69 growler the Insei (level 4, 0/32 HPs)
             Began as a Merfolk Transmuter on May 18, 2023.
             Hit by a goblin thrown by Robin (3 damage)
             ... on level 2 of the Dungeon.
             The game lasted 00:06:54 (1540 turns).

growler the Insei (Merfolk Transmuter)              Turns: 1540, Time: 00:06:54

Health: 0/32       AC:  3    Str:  7 (10) XL:     4   Next: 20%
Magic:  8/8        EV: 12    Int: 11 (14) God:
Gold:   69         SH:  0    Dex: 12 (14) Spells: 2/8 levels left

rFire   + +          .
                       - Unarmed
rCold   . . .        (no shield)
rNeg    . . .        a - +0 robe
rPois   .            (helmet currently unavailable)
rElec   .            e - +0 cloak
rCorr   .            (no gloves)
SInv    .            (boots currently unavailable)
Will    .....        (no amulet)
Stlth   +            (no ring)
HPRegen 0.25/turn    (no ring)
MPRegen 0.11/turn

%: no passive effects
@: appendages
A: horns 2, (nimble swimmer 2), mertail, fire resistance 2
a: End Transformation


You were on level 2 of the Dungeon.
You had temporarily grown beastly horns.
You visited 1 branch of the dungeon, and saw 2 of its levels.

You collected 69 gold pieces.

Inventory:

Armour
 a - a +0 robe (worn)
 e - a +0 cloak (worn)
Scrolls
 b - a scroll of vulnerability {unknown}
 h - a scroll of poison {unknown}
 j - a scroll of identify {unknown}
Potions
 d - a potion of curing {unknown}
 g - a potion of cancellation {unknown}
 i - a potion of berserk rage {unknown}


   Skills:
 - Level 1.1 Fighting
 - Level 2.7 Dodging
 + Level 4.1 Unarmed Combat
 + Level 2.8 Spellcasting
 + Level 3.9 Transmutations


You had 2 spell levels left.
You knew the following spells:

 Your Spells              Type           Power      Damage    Failure   Level
a - Beastly Appendage     Tmut           20%        N/A       5%          1
b - Wereblood             Tmut           10%        N/A       8%          2
c - Spider Form           Tmut/Pois      5%         N/A       34%         3

Your spell library contained the following spells:

 Spells                   Type           Power      Damage    Failure   Level
 Ice Form                 Ice/Tmut       5%         N/A       75%         4


Dungeon Overview and Level Annotations

Branches:
Dungeon (2/15)

Altars:

Annotations:
D:2 Robin


Innate Abilities, Weirdness & Mutations

You have temporarily grown beastly horns.
((You are very nimble when in or above water. (Stealth+, EV+, Speed+++)))
Your lower body shifts to a powerful aquatic tail in water.
Your flesh is very heat resistant. (rF++)


Message History

You grow a pair of large bovine horns.
The hobgoblin barely misses you.
A goblin comes into view. It is wielding a +0 club.
Robin throws the goblin at you! The hobgoblin hits you.
* * * LOW HITPOINT WARNING * * *
Unknown command.
You hit the hobgoblin.
The hobgoblin is severely wounded.
The hobgoblin hits you but does no damage.
The goblin hits you with a +0 club.
* * * LOW HITPOINT WARNING * * *
The hobgoblin barely misses you.
A goblin comes into view. It is wielding a +0 club.
You punch the hobgoblin!
You kill the hobgoblin!
The goblin hits you with a +0 club.
* * * LOW HITPOINT WARNING * * *
Robin roars a battlecry!
The goblin goes into a battle-frenzy!
The hobgoblin misses you. The hobgoblin attacks as you move away!
The hobgoblin closely misses you. The goblin barely misses you.
Items here: )))) †††.
The goblin attacks as you move away! The goblin hits you with a +0 club.
* * * LOW HITPOINT WARNING * * *
Okay, then.
You aren't carrying any items that you can evoke.
It was a potion of mutation.
You feel extremely strange.
You feel weaker. The goblin completely misses you.
Really quaff the potion of mutation?
You feel extremely strange.
You feel stronger.
You feel resistant to heat.
You feel more resistant to heat. The goblin hits you with a +0 club.
* * * LOW HITPOINT WARNING * * *
It was a potion of degeneration.
There was something very wrong with that liquid.
You feel weakened.
You feel dopey.
You feel clumsy.
The goblin no longer looks unusually strong.
The goblin closely misses you. Robin throws the goblin at you!
You die... ########### #gSgg@g...# #.#######.# #.# #.# #g# #.# .Sg

#.# .## #.# ..
#[# ).
#.############
#..
#>............


You could see Robin, an adder, a hobgoblin (strong) and 2 goblins.

Vanquished Creatures
  2 adders (D:2)
  A dart slug (D:1)
  2 ball pythons
  4 bats (D:1)
  2 endoplasms (D:1)
  7 goblins
  6 hobgoblins
  4 jackals (D:1)
  3 kobolds
  4 quokkas
  A frilled lizard (D:2)
  7 rats
43 creatures vanquished.

Notes
Turn   | Place    | Note
-------+----------+-------------------------------------------
     0 | D:1      | growler the Merfolk Transmuter began the quest for the Orb.
     0 | D:1      | Reached XP level 1. HP: 15/15 MP: 3/3
   107 | D:1      | Reached XP level 2. HP: 14/21 MP: 5/5
   122 | D:1      | Learned a level 2 spell: Wereblood
   415 | D:1      | Reached XP level 3. HP: 22/26 MP: 4/6
   419 | D:1      | Learned a level 3 spell: Spider Form
  1256 | D:2      | Reached skill level 4 in Unarmed Combat
  1349 | D:2      | Reached XP level 4. HP: 31/32 MP: 5/8
  1525 | D:2      | Noticed Robin
  1538 | D:2      | Gained mutation: You are weak. (Str -2) [potion of
                  | mutation]
  1539 | D:2      | Lost mutation: You are weak. (Str -2) [potion of mutation]
  1539 | D:2      | Gained mutation: Your flesh is heat resistant. (rF+)
                  | [potion of mutation]
  1539 | D:2      | Gained mutation: Your flesh is very heat resistant. (rF++)
                  | [potion of mutation]
  1540 | D:2      | Hit by a goblin thrown by Robin

Illustrated notes

Levels and vault maps discovered:
D:1:      ldierk_walled_garden_2, layout_loops_ring
D:2:      layout_basic, dreamdust_ecumenical_altar_statues, serial_park_tiny_1,
          uniq_robin

Skill      XL: |  1  2  3 |
---------------+----------+-----
Transmutations | 3 |  3.9
Unarmed Combat | 4 |  4.1
Fighting       | |  1.1
Dodging        | |  2.7
Spellcasting   | |  2.8

Action                     |  1- 3 |  4- 6 || total
---------------------------+-------+-------++-------
  Melee: Unarmed           |   120 |    22 ||   142
         Headbutt          |    12 |       ||    12
         Punch             |     4 |     1 ||     5
   Cast: Beastly Appendage |    19 |     2 ||    21
    Use: Potion            |     1 |     3 ||     4
 Armour: Robe              |    31 |     4 ||    35
         Skin              |     9 |       ||     9
  Dodge: Dodged            |    64 |    21 ||    85
